 Dungeon Crawl Stone Soup version 0.30.0-5-g1a98f26d00 (webtiles) character file.

Game seed: 4947846226266133529

153715 browni3141 the Destroyer (level 17, -4/81 HPs)
             Began as a Vine Stalker Fire Elementalist on May 9, 2023.
             Was the Champion of Vehumet.
             Succumbed to a guardian serpent's bolt of poison
             ... on level 3 of the Snake Pit.
             The game lasted 01:21:02 (29134 turns).

browni3141 the Destroyer (VSFE)                    Turns: 29134, Time: 01:21:02

Health: -4/81      AC: 15    Str: 13    XL:     17   Next: 61%
Magic:  1/34       EV: 10    Int: 27    God:    Vehumet [******]
Gold:   2660       SH: 18    Dex: 18    Spells: 2/41 levels left

rFire   + + .        b - +9 rapier (elec)
rCold   . . .        l - +1 kite shield {rC+}
rNeg    . . .        v - +3 leather armour {rF+}
rPois   .            f - +2 hat {Will+}
rElec   .            R - +2 cloak
rCorr   .            I - +1 pair of gloves
SInv    .            O - +1 pair of boots {Fly}
Will    +++..        G - amulet of reflection
Stlth   ++++         B - ring of Ketuotem {Fire Str+3}
HPRegen 1.13/turn    p - +6 ring of intelligence
MPRegen 0.24/turn

%: reflection, guardian spirit
@: lethally poisoned (-4 -> -26), flying
A: fangs 3, regeneration 1, magic shield, antimagic bite, no potion heal 2
a: Renounce Religion


You were on level 3 of the Snake Pit.
You worshipped Vehumet.
Vehumet was exalted by your worship.
You visited 5 branches of the dungeon, and saw 26 of its levels.
You also visited: Sewer, Bailey, Ice Cave and Volcano.

You collected 3239 gold pieces.
You spent 579 gold pieces at shops.

Inventory:

Hand Weapons
 a - the +7 Spriggan's Knife {stab, EV+4 Stlth+}
   (You found it on level 2 of the Lair of Beasts)

   Stab:      It is more effective when stabbing unaware enemies, sometimes
   treating them as though they were completely helpless.
   EV:        It affects your evasion (+4).
   Stlth:     It makes you more stealthy.
 b - a +9 rapier of electrocution (weapon)
Missiles
 J - 5 curare-tipped darts
 K - 2 datura-tipped darts
 Z - a throwing net
Armour
 f - a +2 hat of willpower (worn)
 l - a +1 kite shield of cold resistance (worn)
 v - a +3 leather armour of fire resistance (worn)
 I - a +1 pair of gloves (worn)
 O - a +1 pair of boots of flying (worn)
 R - a +2 cloak (worn)
Jewellery
 o - a ring of poison resistance
 p - a +6 ring of intelligence (right hand)
 x - a ring of resist corrosion
 y - an amulet of magic regeneration
 B - the ring of Ketuotem (left hand) {Fire Str+3}
   (You found it in an ice cave)

   [ring of fire]

   It enhances your fire magic.
   Str:       It affects your strength (+3).
   rF:        It protects you from fire.
   rC:        It makes you vulnerable to cold.
 G - an amulet of reflection (around neck)
Wands
 s - a wand of digging (8)
 z - a wand of roots (11)
 P - a wand of paralysis (12)
 Y - a wand of mindburst (13)
Scrolls
 d - 8 scrolls of fear
 r - a scroll of blinking
 t - 6 scrolls of magic mapping
 u - 7 scrolls of fog
 A - 2 scrolls of torment
 D - 2 scrolls of summoning
 E - 7 scrolls of poison
 N - 7 scrolls of enchant armour
 S - 2 scrolls of vulnerability
 U - a scroll of brand weapon
 V - 10 scrolls of teleportation
 W - 3 scrolls of silence
 X - 6 scrolls of immolation
Potions
 c - 2 potions of cancellation
 e - 4 potions of brilliance
 g - 3 potions of berserk rage
 h - 10 potions of haste
 i - 5 potions of invisibility
 m - 4 potions of magic
 n - 2 potions of ambrosia
 q - 2 potions of attraction
 w - 10 potions of mutation
 C - 12 potions of curing
 F - 4 potions of flight
 H - 6 potions of heal wounds
 L - 5 potions of lignification
 M - 8 potions of might
 Q - 5 potions of resistance
Miscellaneous
 j - a phantom mirror
 k - a lightning rod (4/4)
 T - a phial of floods


   Skills:
 - Level 6.0 Fighting
 - Level 10.0 Short Blades
 - Level 2.0 Throwing
 - Level 2.0 Dodging
 - Level 10.0 Stealth
 - Level 10.0 Shields
 + Level 12.5 Spellcasting
 * Level 14.1 Conjurations
 - Level 4.0 Transmutations
 * Level 9.7 Fire Magic
 * Level 8.3 Air Magic
 - Level 10.2 Poison Magic
 - Level 8.0 Evocations


You had 2 spell levels left.
You knew the following spells:

 Your Spells              Type           Power      Damage    Failure   Level
a - Ignite Poison         Fire/Tmut/Pois 74%        N/A       1%          3
b - Olgreb's Toxic Radia  Pois           64%        N/A       1%          4
c - Arcjolt               Conj/Air       33%        1d43      1%          5
d - Plasma Beam           Fire/Air       39%        2x1d57    11%         6
e - Orb of Destruction    Conj           37%        9d11      7%          7
f - Fireball              Conj/Fire      44%        3d18      1%          5
i - Inner Flame           Hex/Fire       59%        N/A       1%          3
w - Flame Wave            Conj/Fire      89%        2d19      1%          4
x - Scorch                Fire           100%       2d9       1%          2

Your spell library contained the following spells:

 Spells                   Type           Power      Damage    Failure   Level
 Chain Lightning          Conj/Air       33%        3d44      100%        9
 Polar Vortex             Ice            8%         N/A       100%        9
 Shatter                  Erth           8%         3d10*     100%        9
 Beastly Appendage        Tmut           76%        N/A       1%          1
 Foxfire                  Conj/Fire      100%       2x1d9     1%          1
 Shock                    Conj/Air       100%       1d9       1%          1
 Sting                    Tmut/Pois      100%       1d8       1%          1
 Cigotuvi's Dreadful Rot  Necr/Pois/Air  100%       N/A       1%          2
 Wereblood                Tmut           38%        N/A       3%          2
 Lesser Beckoning         Tloc           32%        N/A       16%         2
 Dazzling Flash           Conj/Hex       100%       N/A       1%          3
 Hailstorm                Conj/Ice       53%        3d12      1%          3
 Spider Form              Tmut/Pois      53%        N/A       1%          3
 Swiftness                Air            58%        N/A       1%          3
 Volatile Blastmotes      Fire/Tloc      100%       2d18      1%          3
 Airstrike                Air            29%        2d(5-21)  1%          4
 Fulminant Prism          Conj/Hex       26%        3d14      1%          4
 Iskenderun's Mystic Bla  Conj/Tloc      53%        2d11      1%          4
 Iskenderun's Battlesphe  Conj           75%        2d12      1%          5
 Freezing Cloud           Conj/Ice/Air   27%        6-21      4%          5
 Conjure Ball Lightning   Conj/Air       33%        3x3d11    4%          6
 Vhi's Electric Charge    Tloc/Air       78%        N/A       6%          3
 Frozen Ramparts          Ice            32%        1d5       9%          3
 Confusing Touch          Hex            16%        N/A       32%         3
 Gell's Gravitas          Tloc           16%        N/A       32%         3
 Teleport Other           Tloc           16%        N/A       32%         3
 Tukima's Dance           Hex            16%        N/A       32%         3
 Ice Form                 Ice/Tmut       27%        N/A       43%         4
 Petrify                  Tmut/Erth      27%        N/A       43%         4
 Silence                  Hex/Air        19%        N/A       47%         5
 Lee's Rapid Deconstruct  Erth           8%         3d7*      56%         5
 Cause Fear               Hex            8%         N/A       71%         4
 Summon Ice Beast         Ice/Summ       16%        N/A       71%         4
 Agony                    Necr           16%        N/A       96%         5
 Summon Forest            Summ/Tloc      8%         N/A       96%         5
 Summon Mana Viper        Hex/Summ       16%        N/A       96%         5
 Maxwell's Capacitive Co  Air            29%        ∞         99%         8
 Simulacrum               Ice/Necr       8%         N/A       100%        6
 Summon Cactus Giant      Summ           8%         N/A       100%        6
 Dragon's Call            Summ           8%         N/A       100%        9


Dungeon Overview and Level Annotations

Branches:
Dungeon (15/15)            Temple (1/1) D:4            Lair (5/5) D:8
 Shoals (0/4) Lair:2        Snake (3/4) Lair:3        Slime (0/5) Lair:5
    Orc (2/2) D:11            Elf (0/3) Orc:2        Vaults (0/5) D:14
 Depths (0/4) D:15          Sewer (visited)          Bailey (visited)
  IceCv (visited)         Volcano (visited)

Altars:
Ashenzari
Cheibriados
Dithmenos
Elyvilon
Fedhas
Gozag
Hepliaklqana
Kikubaaqudgha
Makhleb
Nemelex Xobeh
Okawaru
Qazlal
Ru
Sif Muna
Trog
Uskayaw
Vehumet
Wu Jian
Xom
Zin
Jiyva

Shops:
D:8 *   Orc:1 :   Orc:2 (*!(   Snake:3 [

Annotations:
D:7 1 runed translucent door
D:10 1 runed translucent door, exclusion: door
D:14 Roxanne
Temple 2 transporters
Snake:1 Mlioglotl
Snake:2 Vashnia


Innate Abilities, Weirdness & Mutations

You have razor-sharp teeth.
Your natural rate of healing is unusually fast.
When hurt, damage is shared between your health and your magic reserves.
Your bite disrupts and absorbs the magic of your enemies.
Potions cannot restore your health.


Message History

The black mamba is severely wounded.
You feel very sick.
You are more poisoned.
The guardian serpent casts a spell at you.
The naga blinks!
The black mamba blinks into view!
The mana viper blinks!
The naga mage blinks into view!
A black mamba comes into view.
Casting: Arcjolt (dangerous; 1% risk of failure)
Confirm with . or Enter, or press ? or * to list all spells.
Electricity surges outward!
The black mamba is struck by an electric surge!!
You kill the black mamba!
Vehumet accepts your kill.
You feel your power returning.
The naga warrior is struck by an electric surge!
The naga warrior is lightly wounded.
The naga is struck by an electric surge!
The naga is heavily wounded.
The mana viper is struck by an electric surge!
The mana viper is lightly wounded.
The naga mage is struck by an electric surge!!
The naga mage is heavily wounded.
The guardian serpent is struck by an electric surge!
The guardian serpent is moderately wounded.
The naga warrior is struck by an electric surge.
The naga warrior is heavily wounded.
The black mamba is struck by an electric surge!!!
You kill the black mamba!
Vehumet accepts your kill.
You feel your power returning.
You feel sick.
You are more poisoned.
The naga ritualist's toxic aura wanes.
The mana viper bites you but does no damage.
You block the naga warrior's attack. The naga warrior grabs you.
The naga warrior constricts you. You block the naga's attack.
You block the mana viper's attack.
Casting: Arcjolt (dangerous; 1% risk of failure)
Confirm with . or Enter, or press ? or * to list all spells.
Electricity surges outward!
The guardian serpent is struck by an electric surge!
The guardian serpent is heavily wounded.
The naga warrior is struck by an electric surge!!
The naga warrior is heavily wounded.
The naga is struck by an electric surge!
You kill the naga!
Vehumet accepts your kill.
You feel your power returning.
The mana viper is struck by an electric surge!
The mana viper is moderately wounded.
The naga warrior is struck by an electric surge!
The naga warrior is severely wounded.
The black mamba is struck by an electric surge!!
The black mamba is almost dead.
The naga mage is struck by an electric surge!!
You kill the naga mage!
Vehumet accepts your kill.
You feel your power returning.
You feel very sick.
The guardian serpent casts a spell at you.
The bolt of poison hits you!!
You are more poisoned.
The bolt of poison hits the mana viper!
The naga warrior spits poison at you.
You block splash of poison... and reflect it back!
The splash of poison hits the naga warrior.
The naga warrior constricts you. The mana viper barely misses you.
You block the guardian serpent's attack.
Casting: Arcjolt (dangerous; 1% risk of failure)
Confirm with . or Enter, or press ? or * to list all spells.
Electricity surges outward!
The guardian serpent is struck by an electric surge.
The guardian serpent is heavily wounded.
The naga warrior is struck by an electric surge.
The mana viper is struck by an electric surge!
The mana viper is severely wounded.
The naga warrior is struck by an electric surge!!
The naga warrior is almost dead.
The black mamba is struck by an electric surge!
You kill the black mamba!
Vehumet accepts your kill.
The black mamba is struck by an electric surge!!!
You kill the black mamba!
Vehumet accepts your kill.
You feel your power returning.
You feel very sick. You block the mana viper's attack.
The naga warrior hits you with a +0 battleaxe.
The naga warrior constricts you.
The guardian serpent coils itself and waves its upper body at you.
The bolt of poison hits you!
You are more poisoned.
* * * LOW HITPOINT WARNING * * *
The bolt of poison hits the mana viper.
The mana viper is poisoned.
The naga warrior hits you with a +0 war axe!!
* * * LOW HITPOINT WARNING * * *
Blink to where?
Press: ? - help, Dir - move target You escape the naga warrior's grasp.
A shock serpent comes into view.
As you read the scroll of blinking, it crumbles to dust.
You die...

#....##.#..##....#S#N).....#
)......##..#......N§#......#
.........#........#)S.....##
#................##.###...#
#........†.....###.####...#
#.........#.#####.....##.##
#.........#...........# #
##.........####......#
#.........# #.@...!#
#.........# #.....S...
#........## #.....####
#.....∩..# #......#
..........# #........
....#....## #.....#...
.....###.# .##..##... ...##
##. . ..# .. .. ##


You could see a shock serpent (wandering) and a mana viper (poisoned).

Vanquished Creatures
  Gastronok (D:9)
  Agnes (D:14)
  Frances (D:12)
  A draconian knight (IceCv)
  An azure jelly (D:14)
  2 orc warlords
  A red draconian (Volcano)
  5 white draconians (IceCv)
  Azrael (D:14)
  Snorg (Orc:1)
  A fire dragon (Lair:5)
  A rakshasa (D:14)
  The ghost of Ereiziar the Protected, a journeyman DsFi of Ashenzari (D:11)
  3 ogre magi
  6 hydras
  Erica (D:9)
  16 two-headed ogres
  3 anacondas
  8 boulder beetles
  4 catoblepae
  9 centaur warriors (D:13)
  A death yak (Lair:2)
  2 shock serpents
  4 tengu warriors
  A naga sharpshooter (Snake:1)
  Sonja (Lair:4)
  3 skeletal warriors
  A skyshark (Lair:5)
  A naga ritualist (Snake:1)
  A swamp dragon (Lair:5)
  The ghost of kd29 the Trooper, a novice DrTm of Nemelex Xobeh (D:6)
  3 orc knights
  A harpy (shapeshifter) (D:13)
  4 deep elf pyromancers (D:13)
  10 ugly things
  5 mana vipers
  2 manticores
  A salamander (Snake:2)
  11 cyclopes
  8 elephants
  27 black mambas
  A molten gargoyle (Volcano)
  A guardian serpent (shapeshifter) (D:13)
  8 naga magi
  5 gargoyles
  15 cane toads
  4 centaur skeletons (D:14)
  10 rime drakes
  2 storm dragon simulacra (IceCv)
  2 unseen horrors
  Maggie (D:7)
  14 komodo dragons
  An efreet (D:14)
  2 freezing wraiths (D:14)
  3 tengu conjurers
  A queen bee (Lair:3)
  9 golden dragon simulacra (IceCv)
  7 trolls
  3 hornets
  12 polar bears
  2 raiju (Lair:5)
  13 blink frogs
  Grinder (Sewer)
  3 dream sheep
  11 slime creatures
  A shadow (D:13)
  A spriggan (Lair:3)
  6 wraiths
  47 yaks
  6 wyverns
  2 fire bats (Volcano)
  5 basilisks
  4 fire elementals (D:14)
  4 steam dragons
  17 vampire mosquitoes
  Menkaure (D:6)
  10 wargs
  2 acid dragons
  17 nagas
  22 water moccasins
  16 hell hounds
  50 orc warriors
  A swamp drake (Lair:5)
  3 ice beasts
  5 ice dragon simulacra (IceCv)
  13 black bears
  12 ogres
  A boggart (D:14)
  29 wolves
  19 centaurs
  8 kobold brigands
  A phantom (D:5)
  12 bullfrogs
  8 scorpions
  17 wights
  5 lindwurm simulacra (IceCv)
  32 killer bees
  3 electric eels
  6 howler monkeys
  6 lava snakes (Volcano)
  8 hounds
  A quasit (Sewer)
  A jelly (D:4)
  10 orc priests
  2 gnoll boudas
  A sleepcap (D:4)
  4 iguanas
  20 orc wizards
  8 adders
  11 gnolls
  A river rat (Lair:3)
  A shadow imp (Sewer)
  A white imp (D:7)
  6 ufetubi
  A worm (D:4)
  A dart slug (D:4)
  61 orcs
  A bat zombie (Sewer)
  5 endoplasms
  5 giant cockroaches
  17 goblins
  17 hobgoblins
  10 jackals
  48 kobolds
  5 quokkas
  6 ball pythons
  5 bats
  3 frilled lizards
  A kobold zombie (Sewer)
  7 rats
  A butterfly (Lair:5)
948 creatures vanquished.

Vanquished Creatures (collateral kills)
  An orc (Orc:2)
  3 foxfires (D:1)
4 creatures vanquished.

Vanquished Creatures (others)
  An endoplasm (Sewer)
  581 foxfires
582 creatures vanquished.

Grand Total: 1534 creatures vanquished

Notes
Turn   | Place    | Note
-------+----------+-------------------------------------------
     0 | D:1      | browni3141 the Vine Stalker Fire Elementalist began the
                  | quest for the Orb.
     0 | D:1      | Reached XP level 1. HP: 9/9 MP: 4/4
   258 | D:1      | Reached XP level 2. HP: 14/14 MP: 4/6
   523 | D:1      | Found a faded altar of an unknown god.
   744 | D:1      | Reached skill level 3 in Stealth
   822 | D:1      | Reached XP level 3. HP: 18/18 MP: 3/7
  1434 | D:2      | Learned a level 2 spell: Scorch
  1438 | D:2      | Learned a level 3 spell: Inner Flame
  2036 | D:2      | Reached skill level 3 in Spellcasting
  2416 | D:3      | Found a glowing drain.
  2421 | D:3      | Gained mutation: Your natural rate of healing is unusually
                  | fast. [Vine Stalker growth]
  2421 | D:3      | Reached XP level 4. HP: 22/22 MP: 7/9
  2430 | Sewer    | Entered a sewer
  2697 | Sewer    | Noticed a kobold brigand
  2704 | Sewer    | Killed a kobold brigand
  2705 | Sewer    | Reached XP level 5. HP: 23/25 MP: 0/10
  2799 | Sewer    | Found a burning altar of Makhleb.
  2805 | Sewer    | Noticed a kobold brigand
  2820 | Sewer    | Killed a kobold brigand
  2821 | Sewer    | Reached XP level 6. HP: 30/30 MP: 4/11
  2912 | Sewer    | Reached skill level 6 in Fire Magic
  3029 | Sewer    | Noticed Grinder
  3091 | Sewer    | Killed Grinder
  3092 | Sewer    | Reached skill level 3 in Conjurations
  3092 | Sewer    | Reached XP level 7. HP: 33/33 MP: 0/12
  3208 | Sewer    | Identified the +10 dagger "Demonslayer" {holy, SInv}
  4372 | D:4      | Found a shadowy altar of Dithmenos.
  4532 | D:4      | Found a staircase to the Ecumenical Temple.
  4544 | Temple   | Entered the Ecumenical Temple
  4544 | Temple   | Found a transporter.
  4544 | Temple   | Found a transporter.
  4562 | Temple   | Found a transporter.
  4562 | Temple   | Found a transporter.
  4579 | Temple   | Became a worshipper of Vehumet
  4683 | D:4      | Gained mutation: You have razor-sharp teeth. [Vine Stalker
                  | growth]
  4683 | D:4      | Reached XP level 8. HP: 37/37 MP: 12/14
  5297 | D:5      | Entered Level 5 of the Dungeon
  5745 | D:5      | Reached * piety under Vehumet
  5745 | D:5      | Offered knowledge of Kiss of Death by Vehumet.
  6348 | D:6      | Reached skill level 3 in Evocations
  6682 | D:6      | Found a runed translucent door.
  6682 | D:6      | Noticed kd29's ghost (novice DrTm)
  6795 | D:6      | Reached XP level 9. HP: 25/42 MP: 11/17
  7186 | D:6      | Noticed Menkaure
  7191 | D:6      | Killed Menkaure
  7272 | D:6      | Reached skill level 3 in Short Blades
  7280 | D:6      | Killed kd29's ghost
  7651 | D:7      | Noticed Maggie
  7657 | D:7      | Reached ** piety under Vehumet
  7664 | D:7      | Killed Maggie
  7665 | D:7      | Reached skill level 6 in Short Blades
  7767 | D:7      | Noticed a hornet
  7771 | D:7      | Paralysed by a hornet for 1 turns
  7772 | D:7      | Killed a hornet
  7772 | D:7      | Offered knowledge of Sandblast by Vehumet.
  7794 | D:7      | Found a runed translucent door.
  7796 | D:7      | Found a runed translucent door.
  7882 | D:7      | Reached XP level 10. HP: 46/46 MP: 18/18
  8267 | D:7      | Found a burning altar of Makhleb.
  8267 | D:7      | Noticed a green death
  8492 | D:7      | Offered knowledge of Ignite Poison by Vehumet.
  8498 | D:7      | Learned a level 3 spell: Ignite Poison
  8506 | D:7      | Learned a level 4 spell: Flame Wave
  8526 | D:7      | Reached skill level 9 in Short Blades
  8621 | D:8      | Reached *** piety under Vehumet
  8685 | D:8      | Found an opulent altar of Gozag.
  8745 | D:8      | Offered knowledge of Olgreb's Toxic Radiance by Vehumet.
  8813 | D:8      | Found a flagged portal.
  8843 | D:8      | Learned a level 4 spell: Olgreb's Toxic Radiance
  8844 | Bailey   | Entered a bailey
  8849 | Bailey   | Noticed an orc warlord
  9050 | Bailey   | Reached **** piety under Vehumet
  9109 | Bailey   | Found a runed translucent gate.
  9109 | Bailey   | Found a runed translucent gate.
  9109 | Bailey   | Found a runed translucent gate.
  9125 | Bailey   | Offered knowledge of Airstrike by Vehumet.
  9368 | Bailey   | Killed an orc warlord
  9369 | Bailey   | Reached XP level 11. HP: 50/50 MP: 19/19
  9389 | Bailey   | Reached XP level 12. HP: 54/54 MP: 20/20
  9586 | D:8      | Found a staircase to the Lair.
  9993 | D:8      | Noticed a two-headed ogre
 10033 | D:8      | Killed a two-headed ogre
 10123 | D:8      | Found Xouruf's Assorted Antiques.
 10126 | D:8      | Bought a scroll labelled TERUYXOLEVY for 26 gold pieces
 10126 | D:8      | Bought a pair of embroidered boots for 195 gold pieces
 10126 | D:8      | Bought a scroll of teleportation for 78 gold pieces
 10296 | D:8      | Noticed a two-headed ogre
 10314 | D:8      | Killed a two-headed ogre
 10386 | D:8      | Reached skill level 3 in Fighting
 10386 | D:8      | Reached skill level 6 in Stealth
 10535 | D:8      | Found Xouruf's Assorted Antiques.
 10618 | D:8      | Found a staircase to the Lair.
 10646 | D:8      | Found an opulent altar of Gozag.
 11048 | D:9      | Noticed Gastronok
 11134 | D:9      | Killed Gastronok
 11135 | D:9      | Reached skill level 6 in Spellcasting
 11444 | D:9      | Noticed Erica
 11449 | D:9      | Killed Erica
 12044 | Lair:1   | Entered Level 1 of the Lair of Beasts
 12286 | Lair:1   | Found a dark tunnel.
 12292 | Volcano  | Entered a volcano
 12740 | Volcano  | Found a burning altar of Makhleb.
 12740 | Volcano  | Noticed a two-headed ogre
 12740 | Volcano  | Noticed an ogre mage
 12740 | Volcano  | Noticed a two-headed ogre
 12740 | Volcano  | Noticed a two-headed ogre
 12745 | Volcano  | Killed a two-headed ogre
 12745 | Volcano  | Killed a two-headed ogre
 12746 | Volcano  | Killed a two-headed ogre
 12747 | Volcano  | Reached skill level 6 in Evocations
 12748 | Volcano  | Killed an ogre mage
 12749 | Volcano  | Reached XP level 13. HP: 63/63 MP: 9/25
 12836 | Volcano  | Noticed a red draconian
 12853 | Volcano  | Killed a red draconian
 12854 | Volcano  | Reached skill level 9 in Stealth
 12980 | Volcano  | Reached ***** piety under Vehumet
 13970 | Lair:2   | Offered knowledge of Arcjolt by Vehumet.
 14100 | Lair:2   | Reached skill level 6 in Fighting
 14256 | Lair:2   | Reached skill level 4 in Conjurations
 14421 | Lair:2   | Reached skill level 5 in Conjurations
 14426 | Lair:2   | Reached skill level 9 in Spellcasting
 14432 | Lair:2   | Learned a level 5 spell: Arcjolt
 14451 | Lair:2   | Found the +7 Spriggan's Knife {stab, EV+4 Stlth+}
 14530 | Lair:2   | Got the Tome of the Farmer
 14928 | Lair:2   | Found a staircase to the Shoals.
 15155 | Lair:2   | Reached XP level 14. HP: 65/70 MP: 28/28
 15325 | Lair:3   | Reached skill level 6 in Conjurations
 15367 | Lair:3   | Found a staircase to the Snake Pit.
 15407 | Lair:3   | Offered knowledge of Plasma Beam by Vehumet.
 15428 | Lair:3   | Learned a level 6 spell: Plasma Beam
 15913 | Lair:3   | Reached skill level 3 in Shields
 16198 | Lair:3   | Reached skill level 7 in Conjurations
 17012 | Lair:4   | Noticed Sonja
 17017 | Lair:4   | Killed Sonja
 17982 | Lair:5   | Entered Level 5 of the Lair of Beasts
 18081 | Lair:5   | Reached skill level 8 in Conjurations
 18160 | Lair:5   | Found a viscous altar of Jiyva.
 18160 | Lair:5   | Found a staircase to the Slime Pits.
 18273 | Lair:5   | Reached skill level 6 in Shields
 18688 | Lair:5   | Offered knowledge of Fireball by Vehumet.
 18696 | Lair:5   | Learned a level 5 spell: Fireball
 18782 | Lair:5   | Reached XP level 15. HP: 55/73 MP: 15/30
 19141 | Lair:5   | Reached skill level 9 in Shields
 19502 | Lair:5   | Offered knowledge of Eringya's Noxious Bog by Vehumet.
 19875 | D:10     | Entered Level 10 of the Dungeon
 19971 | D:10     | Found a runed translucent door.
 20923 | D:11     | Reached skill level 3 in Transmutations
 21107 | D:11     | Found a staircase to the Orcish Mines.
 21310 | D:11     | Noticed Ereiziar's ghost (journeyman DsFi)
 21316 | D:11     | Found a transporter.
 21329 | D:11     | Found a transporter.
 21402 | D:11     | Killed Ereiziar's ghost
 21565 | Orc:1    | Entered Level 1 of the Orcish Mines
 21571 | Orc:1    | Noticed Snorg
 21578 | Orc:1    | Killed Snorg
 21672 | Orc:1    | Found Wenubbiu's Distillery.
 21681 | Orc:1    | Found Fiusast's Book Shop.
 21751 | Orc:2    | Entered Level 2 of the Orcish Mines
 21751 | Orc:2    | Found a staircase to the Elven Halls.
 21753 | Orc:2    | Noticed an orc warlord
 21763 | Orc:2    | Killed an orc warlord
 21888 | Orc:2    | Offered knowledge of Ozocubu's Refrigeration by Vehumet.
 22117 | Orc:2    | Reached ****** piety under Vehumet
 22144 | Orc:2    | Found Ruech's Assorted Antiques.
 22144 | Orc:2    | Found Raikh's Distillery.
 22144 | Orc:2    | Found Kaotihagg's Antique Weapon Emporium.
 22147 | Orc:2    | Found Uroodok's Antique Weapon Boutique.
 22152 | Orc:2    | Bought a potion of resistance for 140 gold pieces
 22152 | Orc:2    | Bought a potion of haste for 140 gold pieces
 22324 | Orc:1    | Found a burning altar of Makhleb.
 22558 | D:12     | Reached skill level 12 in Spellcasting
 22736 | D:12     | Reached skill level 3 in Air Magic
 22738 | D:12     | Offered knowledge of Orb of Destruction by Vehumet.
 22777 | D:12     | Noticed Frances
 22783 | D:12     | Killed Frances
 22809 | D:12     | You are sucked into a shaft and drop 3 floors!
 22809 | D:15     | Entered Level 15 of the Dungeon
 22864 | D:14     | Found a frozen archway.
 22864 | D:14     | Noticed an azure jelly
 22912 | D:14     | Killed an azure jelly
 22929 | D:14     | Reached XP level 16. HP: 51/77 MP: 2/33
 22938 | D:14     | Learned a level 7 spell: Orb of Destruction
 23138 | IceCv    | Entered an ice cave
 24928 | IceCv    | Identified the ring of Ketuotem {Fire Str+3}
 25088 | D:14     | Reached skill level 9 in Conjurations
 25208 | D:14     | Reached skill level 6 in Air Magic
 25352 | D:14     | Noticed Agnes
 25360 | D:14     | Killed Agnes
 25638 | D:14     | Found a gate to the Vaults.
 25833 | D:14     | Reached skill level 10 in Conjurations
 25883 | D:14     | Noticed Azrael
 25908 | D:14     | Killed Azrael
 26035 | D:14     | Noticed Roxanne
 26881 | D:13     | Offered knowledge of Conjure Ball Lightning by Vehumet.
 26936 | D:13     | Reached skill level 11 in Conjurations
 27144 | D:13     | Found the +3 robe of Clouds {*Thunder rCloud rElec}
 27197 | D:13     | Got the Disquisition on Scintillating Sculpting
 27233 | D:13     | Reached skill level 12 in Conjurations
 27351 | D:13     | Reached XP level 17. HP: 77/81 MP: 31/34
 27626 | D:13     | Reached skill level 13 in Conjurations
 27703 | D:13     | Got Sif Muna's Dissertation on Hexes
 28253 | Snake:1  | Entered Level 1 of the Snake Pit
 28264 | Snake:1  | Reached skill level 14 in Conjurations
 28547 | Snake:1  | Noticed Mlioglotl
 28555 | Snake:1  | Noticed a Hell Sentinel
 28655 | Snake:1  | Reached skill level 9 in Fire Magic
 28790 | Snake:2  | Noticed Vashnia
 28970 | Snake:3  | Offered knowledge of Shatter by Vehumet.
 28970 | Snake:3  | Offered knowledge of Chain Lightning by Vehumet.
 28970 | Snake:3  | Offered knowledge of Polar Vortex by Vehumet.
 29044 | Snake:3  | Found Umojamul's Armour Boutique.
 29133 | Snake:3  | HP: 3/81 [naga warrior/+0 war axe (15)]
 29134 | Snake:3  | Succumbed to a guardian serpent's bolt of poison

Illustrated notes

Levels and vault maps discovered:
D:1:      amcnicky_arrival_blooded_trapdoor, layout_loops_corners,
          hellmonk_ecumenical_altar_run_dry, minivault_23,
          dreamdust_princess_bridge
D:2:      layout_loops_ring
D:3:      cheibrodos_pilgrimage, layout_loops_cross, portal_sewer_entry_d
D:4:      layout_loops_ring, nicolae_dithmenos_shadow_blocks,
          minmay_temple_entry_antechambers
D:5:      layout_basic, serial_curves, eino_curves_01, eino_curves_02,
          dk_noncrumbling_3, minmay_misc_feat_x
D:6:      layout_gridville, ebering_ghost_sewer_d, st_stairs_8,
          dk_rats_in_the_wall, uniq_menkaure
D:7:      lemuel_insect_pit, layout_basic, makhleb_altar_promises_db,
          lightli_corner_chamber, uniq_maggie
D:8:      layout_basic, grunt_gozag_breadcrumbs, erik_lair_island, serial_shops,
          kennysheep_mini_moat, enter_bailey_1,
          hellmonk_guarded_unrand_dark_maul
D:9:      layout_long_grid, uniq_erica, uniq_gastronok
D:10:     layout_cave_pods, small_statue_intersection, minmay_st_funbox,
          minmay_misc_feat_alley, hangedman_decor_diamond_cutter
D:11:     layout_cave_pools, david_orc_3, gammafunk_ghost_smash
D:12:     layout_small_grid, uniq_frances
D:13:     minmay_spiral_squares, layout_rooms, corexii_checkpoint_a
D:14:     layout_basic, hangedman_vaults_entry_quadrant_bands,
          portal_ice_cave_entry_frozen_things, serial_corexii_hall,
          corexii_hall_statues_u, chequers_hall_statues_y, uniq_azrael,
          uniq_agnes, uniq_roxanne
D:15:     grunt_enter_depths_hoard, layout_stronghold, serial_bayou_shore_b,
          fedhas_altar_3
Temple:   hellmonk_temple_divided_pantheon
Lair:1:   layout_layer_cave, enter_volcano_2, serial_bayou_crossing,
          infiniplex_staircase_pool_2
Lair:2:   nzn_winding_woodlands_huge [nzn_winding_woodlands_5x15_default,
          nzn_winding_woodlands_5x15_cabin,
          nzn_winding_woodlands_5x15_river_crossing,
          nzn_winding_woodlands_5x15_split_checker,
          nzn_winding_woodlands_5x15_sidewinder,
          nzn_winding_woodlands_5x15_zeroes, nzn_winding_woodlands_5x15_jagged,
          nzn_winding_woodlands_5x15_concentric,
          nzn_winding_woodlands_5x15_pathside_ponds,
          nzn_winding_woodlands_5x15_pool,
          nzn_winding_woodlands_center_diamonds,
          nzn_winding_woodlands_center_pierced_h,
          nzn_winding_woodlands_15x15_five_gardens], layout_long_grid,
          minmay_shoals_entry_centaurs
Lair:3:   regret_index_bee_streams, layout_chaotic_city,
          guppyfry_snake_entry_island, grunt_forest_stairs_clearing
Lair:4:   layout_small_grid, grunt_megastairs_5, serial_bayou_shore_b,
          infiniplex_staircase_pool, uniq_sonja
Lair:5:   guppyfry_lair_end_dragon, layout_loops_ring,
          hangedman_lair_caniforms_friends, dpeg_slime_entry_enclosed,
          serial_bayou_shore_a, lemuel_fruit_fields
Snake:1:  layout_misc_corridors, serial_shops, shop, uniq_mlioglotl
Snake:2:  layout_basic, basic_altar, ebering_ghost_disaster_area, uniq_vashnia
Snake:3:  layout_chambers, serial_shops, shop, ebering_ghost_reflecting_pool,
          basic_altar
Orc:1:    layout_caves, basic_altar, serial_shops, nicolae_shop_tiny_waterfront,
          shop, uniq_snorg
Orc:2:    st_orc_rangers, layout_diamond_mine

Skill      XL: |  1  2  3  4  5  6  7  8  9 10 11 12 13 14 15 16 17 |
---------------+----------------------------------------------------+-----
Fighting       | 1 2 5 6 |  6.0
Stealth        | 3 4 5 8 10 | 10.0
Dodging        | 2 |  2.0
Spellcasting   | 3 5 7 9 10 12 | 12.5
Fire Magic     | 5 6 8 9 |  9.7
Conjurations   | 3 5 8 12 14 | 14.1
Evocations     | 1 3 4 5 6 7 8 |  8.0
Short Blades   | 7 10 | 10.0
Poison Magic   | 4 10 | 10.2
Throwing       | 2 |  2.0
Air Magic      | 2 4 8 |  8.3
Shields        | 8 10 | 10.0
Transmutations | 4 |  4.0

Action                     |  1- 3 |  4- 6 |  7- 9 | 10-12 | 13-15 | 16-18 || total
---------------------------+-------+-------+-------+-------+-------+-------++-------
  Melee: Unarmed           |    22 |       |       |       |       |       ||    22
         Bite              |    14 |     1 |    29 |    42 |   295 |   151 ||   532
         Dagger            |    25 |     8 |   148 |   166 |   273 |       ||   620
         Punch             |       |       |       |     4 |     1 |       ||     5
         Knife             |       |       |       |       |   529 |    84 ||   613
         Rapier            |       |       |       |       |       |   271 ||   271
   Cast: Foxfire           |    75 |    57 |    95 |   116 |     7 |       ||   350
         Scorch            |       |     1 |    34 |    21 |    28 |    13 ||    97
         Flame Wave        |       |       |       |     1 |    20 |     5 ||    26
         Olgreb's Toxic Ra |       |       |       |    48 |   123 |    43 ||   214
         Ignite Poison     |       |       |       |    28 |    77 |    38 ||   143
         Inner Flame       |       |       |       |       |    10 |    18 ||    28
         Arcjolt           |       |       |       |       |     9 |    30 ||    39
         Fireball          |       |       |       |       |     5 |    40 ||    45
         Plasma Beam       |       |       |       |       |       |     2 ||     2
         Orb of Destructio |       |       |       |       |       |     1 ||     1
  Evoke: Wand              |       |       |     3 |     6 |    16 |     7 ||    32
         Phantom mirror    |       |       |       |       |     2 |     1 ||     3
    Use: Scroll            |     5 |       |     4 |     1 |    23 |     6 ||    39
         Potion            |       |       |       |     2 |     3 |     1 ||     6
   Stab: Sleeping          |     2 |       |     8 |     2 |    21 |    26 ||    59
         Paralysed         |       |       |       |     2 |     2 |     2 ||     6
         Distracted        |       |       |       |     1 |     6 |     2 ||     9
         Petrified         |       |       |       |       |     3 |       ||     3
 Armour: Robe              |    12 |    15 |    17 |       |       |       ||    44
         Steam dragon scal |       |       |     6 |    39 |       |       ||    45
         Leather armour    |       |       |       |       |   269 |   115 ||   384
  Dodge: Dodged            |    40 |    45 |    79 |    90 |   370 |   101 ||   725
  Block: Kite shield       |       |       |       |       |   638 |   308 ||   946
         Reflection        |       |       |       |       |    36 |    23 ||    59
